 Dungeon Sprint DCSS version 0.21-a0-270-g8204059 (webtiles) character file.

1031 potatolord6000 the Thaumaturge (level 8, 0/68 HPs)
             Began as a Mummy Gladiator on Sept 13, 2017.
             Was an Elder of Kikubaaqudgha.
             Slain by a slime creature (16 damage)
             ... in the Dungeon (Sprint V: "Ziggurat Sprint").
             The game lasted 00:09:48 (597 turns).

potatolord6000 the Thaumaturge (Mummy Gladiator)     Turns: 597, Time: 00:09:48

Health: 0/68       AC:  6    Str: 25    XL:     8   Next: 3%
Magic:  21/21      EV:  4    Int: 13    God:    Kikubaaqudgha [****..]
Gold:   0          SH:  0    Dex: 14    Spells: 2/25 levels left

rFire    x . .     SeeInvis .   g - +5 demon whip (vamp)
rCold    + . .     Gourm    .   l - +18 shield of the Gong {rElec rN+ MR+ EV-5}
rNeg     + + +     Faith    .   v - +1 leather armour {rN+}
rPois    ∞         Spirit   .   c - +0 helmet
rElec    +         Reflect  .   (no cloak)
rCorr    .         Harm     .   (no gloves)
MR       ++...     NoTele   +   (no boots)
Stlth    +.........             (no amulet)
HPRegen  0.21/turn              p - +6 ring of strength
MPRegen  0.17/turn              n - +6 ring of intelligence

@: confused
A: no food or potions, fire vulnerability, cold resistance 1, negative energy
resistance 3, torment resistance, unbreathing
a: Receive Corpses, Renounce Religion


You were in the Dungeon.
You worshipped Kikubaaqudgha.
Kikubaaqudgha was greatly pleased with you.
You were not hungry.

You visited 1 branch

Inventory:

Hand Weapons
 g - a +5 vampiric demon whip (weapon)
Armour
 c - a +0 helmet (worn)
 l - the +18 shield of the Gong (worn) {rElec rN+ MR+ EV-5}
   (You found it in the Dungeon)

   It affects your evasion (-5).
   It insulates you from electricity.
   It protects you from negative energy.
   It affects your resistance to hostile enchantments.
 v - a +1 leather armour of positive energy (worn)
Jewellery
 n - a +6 ring of intelligence (right hand)
 p - a +6 ring of strength (left hand)
Wands
 m - a wand of disintegration (6/24)
 o - a wand of iceblast (0/15)
 q - a wand of lightning (3/15)
 r - a wand of acid (6/15)
Scrolls
 a - 3 scrolls of amnesia
 b - a scroll of brand weapon
 d - 2 scrolls of recharging
 e - a scroll of blinking
 h - 7 scrolls of fog
 i - 5 scrolls of identify
 j - 5 scrolls of remove curse
 k - a scroll of fear
Books
 f - Kikubaaqudgha's Reference Book on Unholy Rituals
   (Kikubaaqudgha gifted it to you in the Dungeon)

   Spells                             Type                      Level
   a - Animate Dead                   Necromancy                   4
   b - Bolt of Draining               Conjuration/Necromancy       5
   c - Agony                          Necromancy                   5
   d - Dispel Undead                  Necromancy                   5
   e - Simulacrum                     Ice/Necromancy               6
 s - a book of Death

   Spells                             Type                      Level
   a - Corpse Rot                     Necromancy                   2
   b - Sublimation of Blood           Necromancy                   2
   c - Agony                          Necromancy                   5
   d - Dispel Undead                  Necromancy                   5
   e - Excruciating Wounds            Charms/Necromancy            5
   f - Bolt of Draining               Conjuration/Necromancy       5
 u - Kikubaaqudgha's Incunabulum of Darkness
   (Kikubaaqudgha gifted it to you in the Dungeon)

   Spells                             Type                      Level
   a - Animate Skeleton               Necromancy                   1
   b - Pain                           Necromancy                   1
   c - Corpse Rot                     Necromancy                   2
   d - Vampiric Draining              Necromancy                   3
   e - Control Undead                 Necromancy                   4


   Skills:
 + Level 8.2 Fighting
   Level 2.4 Long Blades
 + Level 6.5 Maces & Flails
 - Level 1.5 Throwing
 + Level 6.4 Armour
 - Level 2.4 Dodging
 + Level 9.4 Spellcasting
 + Level 7.8 Necromancy


You had 2 spell levels left.
You knew the following spells:

 Your Spells              Type           Power        Failure   Level  Hunger
a - Agony                 Necr           ####....     71%         5    N/A
b - Excruciating Wounds   Chrm/Necr      ###.......   99%         5    N/A
c - Control Undead        Necr           ####......   36%         4    N/A
e - Animate Dead          Necr           N/A          36%         4    N/A
f - Bolt of Draining      Conj/Necr      ###.......   99%         5    N/A

Dungeon Overview and Level Annotations

Branches:
Dungeon (1/1)

Altars:
Ashenzari
Cheibriados
Dithmenos
Elyvilon
Fedhas
Gozag
Hepliaklqana
Kikubaaqudgha
Makhleb
Nemelex Xobeh
Okawaru
Qazlal
Ru
Sif Muna
Trog
Uskayaw
Vehumet
Wu Jian
Xom
Yredelemnul
Zin
The Shining One
Beogh
Jiyva
Lugonu

Annotations:
D 1 transporter


Innate Abilities, Weirdness & Mutations

You do not eat or drink.
Your flesh is vulnerable to fire.
You are immune to poison.
Your flesh is cold resistant. (rC+)
You are immune to negative energy. (rN+++)
You are immune to unholy pain and torment.
You can survive without breathing.


Message History

Your orc wizard zombie hits the ooze with a dagger.
The golden eye blinks at you.
You easily resist.
The jelly hits your orc wizard zombie.
Your orc wizard zombie is destroyed!
The slime creature hits you!
* * * LOW HITPOINT WARNING * * *
You miss the golden eye.
You feel less confused. The golden eye blinks at you.
You resist with almost no effort. You block the ooze's attack.
GONNNNG!
You block the slime creature's attack.
PANG!
You miss the golden eye. The golden eye blinks at you.
You are confused.
The jelly hits you but does no damage. The ooze completely misses you.
The slime creature hits you!
You die...
Kikubaaqudgha rasps: "You have failed me!
Welcome... oblivion!"

▓.....▓...[.▓..©..▓
▓..©..▓..©..▓▓▓▓▓▓▓
▓▓▓▓▓▓▓▓▓▓▓▓▓▓▓▓▓▓▓
▓..8©8...▓..8©8...▓
▓..:}....▓..=)=...▓
▓...[....▓..[.)...▓
▓...!....▓........▓
▓...)....▓...J....▓
▓.▓....▓.▓.▓@J).▓.▓
▓...©....▓..GJ....▓
▓▓▓▓▓▓▓▓▓▓▓▓▓▓▓▓▓▓▓


You could see a slime creature, a jelly, an ooze and a golden eye.

Vanquished Creatures
  An ugly thing (D)
  A large abomination (D)
  A naga (shapeshifter) (D)
  An ice beast (shapeshifter) (D)
  2 wolves (D)
  A crimson imp (D)
  3 orc wizards (D)
  An orc priest (D)
  An ufetubus (D)
  An ooze (shapeshifter) (D)
13 creatures vanquished.

Vanquished Creatures (collateral kills)
  An ooze (D)
1 creature vanquished.

Grand Total: 14 creatures vanquished

Notes
Turn   | Place    | Note
-------+----------+-------------------------------------------
     0 | D        | Found the +6 Majin-Bo {vamp, Archmagi MP+6 Int+6}
     0 | D        | Found the +7 great mace "Firestarter" {inner flame, rF++}
     0 | D        | potatolord6000 the Mummy Gladiator began the quest for the Orb.
     0 | D        | Reached XP level 1. HP: 16/16 MP: 1/1
    18 | D        | Found a blossoming altar of Fedhas.
    19 | D        | Found a viscous altar of Jiyva.
    19 | D        | Found a transporter.
    19 | D        | Found a hazy altar of Hepliaklqana.
    19 | D        | Found an ancient bone altar of Kikubaaqudgha.
    19 | D        | Found an opulent altar of Gozag.
    19 | D        | Found a corrupted altar of Lugonu.
    28 | D        | Found a burning altar of Makhleb.
    29 | D        | Found a stormy altar of Qazlal.
    29 | D        | Found an iron altar of Okawaru.
    29 | D        | Found a sacrificial altar of Ru.
    29 | D        | Found a sparkling altar of Nemelex Xobeh.
    29 | D        | Found a deep blue altar of Sif Muna.
    29 | D        | Found a bloodstained altar of Trog.
    60 | D        | Found the +9 heavy crossbow "Sniper" {velocity, Acc+∞ SInv}
    60 | D        | Found the +10 dark maul {crush}
    60 | D        | Found the +15 Maxwell's patent armour {-Cast -Tele rElec MR+ rCorr}
    60 | D        | Found the +18 shield of the Gong {rElec rN+ MR+ EV-5}
    60 | D        | Found the cursed +14 obsidian axe {chop, +Fly SInv *Curse}
    77 | D        | Became a worshipper of Kikubaaqudgha
    88 | D        | Found the +6 shillelagh "Devastator" {shatter}
    88 | D        | Found the +11 plutonium sword {*Contam Stlth-}
    88 | D        | Found the +8 lance "Wyrmbane" {slay drac, rPois rF+ rC+ AC+3}
    88 | D        | Found the +9 sword of Zonguldrok {reap}
    88 | D        | Found the cursed +13 scythe of Curses {drain, *Curse}
    88 | D        | Found the +0 sword of Power
    88 | D        | Found the +16 mace of Variability {chaos}
    88 | D        | Found the +7 longbow "Piercer" {penet, EV-2}
   135 | D        | Entered arena 2.
   135 | D        | Noticed a wolf
   135 | D        | Noticed a wolf
   135 | D        | Found a transporter.
   140 | D        | Killed a wolf
   140 | D        | Reached skill level 4 in Spellcasting
   140 | D        | Reached XP level 2. HP: 9/25 MP: 1/7
   140 | D        | Reached XP level 3. HP: 11/30 MP: 1/8
   140 | D        | Reached XP level 4. HP: 13/37 MP: 1/10
   142 | D        | Killed a wolf
   142 | D        | Reached skill level 5 in Fighting
   142 | D        | Reached skill level 5 in Spellcasting
   142 | D        | Reached XP level 5. HP: 16/44 MP: 1/12
   348 | D        | Learned a level 5 spell: Agony
   354 | D        | Learned a level 5 spell: Excruciating Wounds
   357 | D        | Entered arena 3.
   357 | D        | Noticed a large abomination
   357 | D        | Found a transporter.
   361 | D        | Reached * piety under Kikubaaqudgha
   361 | D        | Identified Kikubaaqudgha's Incunabulum of Darkness (Kikubaaqudgha gifted it to you in the Dungeon)
   361 | D        | Received a gift from Kikubaaqudgha
   374 | D        | Killed a large abomination
   374 | D        | Reached skill level 7 in Spellcasting
   374 | D        | Reached skill level 5 in Necromancy
   374 | D        | Reached XP level 6. HP: 52/52 MP: 14/16
   393 | D        | Learned a level 4 spell: Control Undead
   422 | D        | Learned a level 1 spell: Animate Skeleton
   425 | D        | Entered arena 4.
   425 | D        | Noticed a water moccasin
   425 | D        | Noticed a warg
   425 | D        | Noticed a naga
   425 | D        | Noticed a red ugly thing
   425 | D        | Found a transporter.
   433 | D        | Noticed a porcupine
   433 | D        | a water moccasin changed into a porcupine
   435 | D        | a porcupine changed into an ooze
   435 | D        | Noticed an ice beast
   435 | D        | a warg changed into an ice beast
   436 | D        | Killed a naga
   436 | D        | Reached ** piety under Kikubaaqudgha
   436 | D        | Reached skill level 5 in Maces & Flails
   436 | D        | Reached skill level 5 in Armour
   439 | D        | Killed a red ugly thing
   439 | D        | Reached skill level 9 in Spellcasting
   439 | D        | Reached XP level 7. HP: 44/61 MP: 16/19
   446 | D        | Identified the Almanac of the Unholy Blaze (You found it in the Dungeon)
   532 | D        | Entered arena 5.
   532 | D        | Found a transporter.
   534 | D        | Reached *** piety under Kikubaaqudgha
   534 | D        | Identified Kikubaaqudgha's Reference Book on Unholy Rituals (Kikubaaqudgha gifted it to you in the Dungeon)
   534 | D        | Received a gift from Kikubaaqudgha
   537 | D        | Reached XP level 8. HP: 68/68 MP: 21/21
   554 | D        | Learned a level 4 spell: Animate Dead
   560 | D        | Learned a level 5 spell: Bolt of Draining
   578 | D        | Entered arena 6.
   578 | D        | Noticed a slime creature
   578 | D        | Found a transporter.
   586 | D        | Reached **** piety under Kikubaaqudgha
   597 | D        | Slain by a slime creature

Vault maps used:
D:        sprint_v

Skill      XL: |  1  2  3  4  5  6  7 |
---------------+----------------------+-----
Fighting       | 4 5 6 7 8 |  8.2
Maces & Flails | 2 3 4 6 |  6.5
Armour         | 2 3 4 6 |  6.4
Spellcasting   | 4 5 7 9 |  9.4
Necromancy     | 3 4 5 7 |  7.8
Long Blades    | |  2.4
Throwing       | |  1.5
Dodging        | |  2.4

Action                   |  1- 3 |  4- 6 |  7- 9 || total
-------------------------+-------+-------+-------++-------
Melee: Demon whip        |     1 |    17 |    13 ||    31
 Cast: Animate Dead      |       |       |     1 ||     1
Evoke: Wand              |     2 |    11 |       ||    13
  Use: Scroll            |     1 |     4 |     2 ||     7
Armor: Fire dragon scale |       |     1 |       ||     1
       Leather armour    |       |     1 |     3 ||     4
Dodge: Dodged            |       |     2 |     2 ||     4
Block: Shield            |     7 |    19 |    11 ||    37

Table legend:
 A = Spawn XP
 B = Non-spawn XP
 C = Spawn XP percentage of total XP
 D = Spawn monster count
 E = Non-spawn monster count
 F = Spawn count percentage of total count
 G = Total turns spent on level
                    A         B        C        D         E        F      G
               +---------+---------+-------+---------+---------+-------+---------
         Total |       0 |    1474 |   0.0 |       0 |      14 |   0.0 |   597
               +---------+---------+-------+---------+---------+-------+---------
             D |       0 |    1474 |   0.0 |       0 |      14 |   0.0 |   597
               +---------+---------+-------+---------+---------+-------+---------
